 Dungeon Sprint DCSS version 0.24-a0-525-g9231cdcba1 (webtiles) character file.

Game seed: 12255889613374164846

12600000 Atelerd the Axe Maniac (level 27, -110/199 HPs)
             Began as a Gargoyle Fighter on Aug 2, 2019.
             Was the Champion of Makhleb.
             Annihilated by a destroyer
             ... wielding a +9 great sword of slicing
              (198 damage)
             ... in the Dungeon (Sprint VIII: "Arena of Blood").
             The game lasted 00:05:33 (126 turns).

Atelerd the Axe Maniac (Gargoyle Fighter)            Turns: 126, Time: 00:05:34

Health: -110/199   AC: 34    Str: 32    XL:     27
Magic:  42/54      EV: 24    Int:  9    God:    Makhleb [******]
Gold:   0          SH:  0    Dex: 10    Spells: 80/80 levels left

rFire    . . .     SeeInvis .   k - +∞ Axe of Woe
rCold    . . .     Gourm    .   (shield currently unavailable)
rNeg     + . .     Faith    .   a - +0 scale mail
rPois    ∞         Spirit   .   (no helmet)
rElec    +         Reflect  .   (no cloak)
rCorr    .         Harm     .   (no gloves)
MR       ++...     NoTele   +   (no boots)
Stlth    ++++++++..             (no amulet)
HPRegen  0.43/turn              l - +30 ring of slaying
MPRegen  0.34/turn              m - +200 ring of slaying

@: hasted, very quick
A: big wings, negative energy resistance 1, electricity resistance, unbreathing,
petrification resistance, rot immunity, AC +20
a: Fly, Minor Destruction, Lesser Servant of Makhleb, Major Destruction, Greater
Servant of Makhleb, Renounce Religion


You were in the Dungeon.
You worshipped Makhleb.
Makhleb was exalted by your worship.
You were not hungry.

You visited 1 branch

Inventory:

Hand Weapons
 k - the +∞ Axe of Woe (weapon)
   (You found it in the Dungeon)
Armour
 a - a +0 scale mail (worn)
 b - a +0 shield
Jewellery
 l - a +30 ring of slaying (left hand)
 m - a +200 ring of slaying (right hand)
Scrolls
 j - a scroll of blinking
Potions
 c - a potion of might
 e - a potion of curing
 f - a potion of heal wounds
 h - 2 potions of magic
 i - a potion of berserk rage
Comestibles
 d - a ration


   Skills:
 O Level 27 Fighting
 O Level 27 Axes
 O Level 27 Throwing
 O Level 27 Armour
 O Level 27 Dodging
 O Level 27 Stealth
 O Level 27 Shields
 O Level 27 Unarmed Combat
 O Level 27 Spellcasting
 O Level 27 Invocations


You had 80 spell levels left.
You didn't know any spells.
Your spell library was empty.

Dungeon Overview and Level Annotations

Branches:
Dungeon (1/1)

Altars:
Makhleb

Annotations:
D The Defiler


Innate Abilities, Weirdness & Mutations

You are resistant to torment.
Your stone body is resilient. (AC +20)
You are immune to poison.
Your large and strong wings let you fly indefinitely.
You resist negative energy. (rN+)
You are resistant to electric shocks. (rElec)
You can survive without breathing.
You are immune to petrification.
You are immune to rotting.


Message History

You hear a shout!
The destroyer blinks!
You hear a shout! x3
Unknown command.
Unknown command.
An orc and a hell beast come into view.
The fleshlord appears out of thin air!
A fleshlord comes into view. It is wielding a +9 great mace.
You are engulfed in blazing flames.
The destroyer blinks!
The accursed casts a spell at you. Something smites you!
The bag of meat hits you with a +9 war axe.
The destroyer blinks!
A bag of meat comes into view. It is wielding a +9 war axe.
The bag of meat misses you.
A bag of meat comes into view. It is wielding a +9 war axe.
The destroyer is engulfed in blazing flames.
The destroyer hits you with a +9 great sword of slicing!!!!!
Ouch! That really hurt!
You die...

.......%.%%........
...%...)))..%.......
#..)))).# ...... ..
#.))%))%# ......
.§.###))).)).###S.....
.......)###V...D.....o
#.....)))S)%§§§pW@p...
......#)))))#§§oo...#.
.%....#_)D._#V@ooo....
..... #))O..#oVoS.D#S#
#.D......_..{)§W..M...
........###§§O§§.o§.#.
...###.......###.W§.2.
.. #....%..# V..Oo.
#.......# .....o
......... ......
........ ...


You could see an accursed, a meat beast, 2 eight-headed meat hydras, 4
destroyers, 3 scourges, 2 fleshlords, a large bag of meat (inner flame), The
Defiler, 3 dreads, a meat berserker (berserk) and 11 bags of meat.

Vanquished Creatures
  16 hell beasts (D)
  2 greater mummies (D)
  7 great orbs of eyes (D)
  2 wraiths (D)
  Harold (D)
  21 vampire knights (D)
  45 ogres (D)
  11 two-headed ogres (D)
  7 liches (D)
  56 orcs (D)
  6 phantoms (D)
  4 skeletal warriors (D)
  A sea snake (D)
  6 small abominations (D)
  4 large abominations (D)
  14 crawling corpses (D)
203 creatures vanquished.

Vanquished Creatures (collateral kills)
  A hydra (D)
1 creature vanquished.

Vanquished Creatures (others)
  An orc (D)
  4 crawling corpses (D)
5 creatures vanquished.

Grand Total: 209 creatures vanquished

Notes
Turn   | Place    | Note
-------+----------+-------------------------------------------
     0 | D        | Found the +∞ Axe of Woe
     0 | D        | Atelerd the Gargoyle Fighter began the quest for the Orb.
     0 | D        | Reached XP level 1. HP: 14/14 MP: 1/1
     1 | D        | Noticed a bag of meat
     2 | D        | Noticed a bag of meat
     2 | D        | Noticed a bag of meat
     3 | D        | Noticed a bag of meat
     5 | D        | Noticed a bag of meat
     7 | D        | Noticed a meat berserker
     7 | D        | Noticed a bag of meat
     8 | D        | Noticed a meat berserker
     9 | D        | Killed a bag of meat
     9 | D        | Reached XP level 2. HP: 34/34 MP: 2/2
     9 | D        | Reached XP level 3. HP: 39/39 MP: 3/3
     9 | D        | Reached XP level 4. HP: 44/44 MP: 4/4
     9 | D        | Reached XP level 5. HP: 49/49 MP: 5/5
     9 | D        | Reached XP level 6. HP: 55/55 MP: 6/6
     9 | D        | Reached XP level 7. HP: 60/60 MP: 7/7
     9 | D        | Reached XP level 8. HP: 65/65 MP: 8/8
     9 | D        | Reached XP level 9. HP: 70/70 MP: 9/9
     9 | D        | Reached XP level 10. HP: 76/76 MP: 10/10
     9 | D        | Reached XP level 11. HP: 80/80 MP: 11/11
     9 | D        | Reached XP level 12. HP: 86/86 MP: 12/12
     9 | D        | Noticed a bag of meat
    10 | D        | Killed a bag of meat
    10 | D        | Reached XP level 13. HP: 62/95 MP: 13/13
    10 | D        | Noticed a bag of meat
    11 | D        | Killed a meat berserker
    11 | D        | Reached skill level 15 in Dodging
    11 | D        | Gained mutation: Your large and strong wings let you fly
                  | indefinitely. [Gargoyle growth]
    11 | D        | Reached XP level 14. HP: 70/106 MP: 14/14
    11 | D        | Killed a bag of meat
    11 | D        | Reached XP level 15. HP: 73/112 MP: 15/15
    11 | D        | Reached XP level 16. HP: 80/122 MP: 16/16
    12 | D        | Killed a meat berserker
    12 | D        | Reached skill level 27 in Axes
    12 | D        | Reached XP level 17. HP: 60/132 MP: 17/17
    14 | D        | Became a worshipper of Makhleb the Destroyer
    15 | D        | Noticed a meat berserker
    16 | D        | Noticed a meat berserker
    17 | D        | Noticed a meat berserker
    18 | D        | Noticed a meat berserker
    19 | D        | Noticed a large bag of meat
    20 | D        | Killed a meat berserker
    20 | D        | Reached XP level 18. HP: 39/144 MP: 18/18
    20 | D        | Reached * piety under Makhleb
    20 | D        | Reached skill level 27 in Fighting
    20 | D        | Reached skill level 27 in Armour
    21 | D        | Killed a meat berserker
    21 | D        | Reached skill level 27 in Dodging
    22 | D        | Noticed a meat berserker
    22 | D        | Noticed a meat berserker
    23 | D        | Killed a meat berserker
    23 | D        | Reached XP level 19. HP: 95/151 MP: 18/33
    23 | D        | Killed a meat berserker
    23 | D        | Reached ** piety under Makhleb
    23 | D        | Reached skill level 27 in Invocations
    23 | D        | Reached skill level 5 in Unarmed Combat
    23 | D        | Reached skill level 10 in Unarmed Combat
    25 | D        | Reached XP level 20. HP: 157/157 MP: 18/37
    25 | D        | Reached *** piety under Makhleb
    25 | D        | Reached skill level 15 in Unarmed Combat
    26 | D        | Killed a large bag of meat
    26 | D        | Noticed a large bag of meat
    28 | D        | Killed a meat berserker
    28 | D        | Reached **** piety under Makhleb
    28 | D        | Reached XP level 21. HP: 163/163 MP: 19/38
    29 | D        | Killed a meat berserker
    29 | D        | Reached skill level 27 in Shields
    29 | D        | Reached XP level 22. HP: 169/169 MP: 19/39
    30 | D        | Reached ***** piety under Makhleb
    30 | D        | Reached skill level 27 in Unarmed Combat
    30 | D        | Reached skill level 27 in Throwing
    31 | D        | Noticed a destroyer
    32 | D        | Noticed a destroyer
    32 | D        | Noticed a large bag of meat
    33 | D        | Noticed a large bag of meat
    33 | D        | Noticed a destroyer
    33 | D        | Noticed The Servant
    33 | D        | Noticed a destroyer
    34 | D        | Killed a destroyer
    35 | D        | Reached XP level 23. HP: 175/175 MP: 20/41
    36 | D        | Reached skill level 27 in Stealth
    36 | D        | Killed a destroyer
    36 | D        | Reached skill level 27 in Spellcasting
    36 | D        | Reached XP level 24. HP: 181/181 MP: 20/54
    37 | D        | Reached ****** piety under Makhleb
    38 | D        | Killed a destroyer
    38 | D        | Noticed a large bag of meat
    39 | D        | Killed a large bag of meat
    39 | D        | Reached XP level 25. HP: 187/187 MP: 21/54
    39 | D        | Noticed a destroyer
    39 | D        | Noticed a destroyer
    40 | D        | Killed a large bag of meat
    40 | D        | Killed a destroyer
    41 | D        | Killed a large bag of meat
    41 | D        | Killed a destroyer
    41 | D        | Reached XP level 26. HP: 193/193 MP: 22/54
    45 | D        | Reached XP level 27. HP: 199/199 MP: 23/54
    45 | D        | Killed a destroyer
    46 | D        | Noticed a destroyer
    47 | D        | Noticed a destroyer
    48 | D        | Noticed a tyrant
    49 | D        | Noticed a large bag of meat
    50 | D        | Noticed a large bag of meat
    52 | D        | Killed a destroyer
    52 | D        | Noticed a destroyer
    53 | D        | Noticed a large bag of meat
    53 | D        | Noticed a tyrant
    53 | D        | Noticed a tyrant
    54 | D        | Noticed a destroyer
    55 | D        | Killed a large bag of meat
    56 | D        | Killed a destroyer
    56 | D        | Killed a destroyer
    56 | D        | Killed a destroyer
    57 | D        | Killed a tyrant
    57 | D        | Noticed a destroyer
    58 | D        | Killed a large bag of meat
    58 | D        | Noticed a meat beast
    60 | D        | Noticed an accursed
    60 | D        | Noticed a tyrant
    61 | D        | Killed a tyrant
    61 | D        | Killed a destroyer
    61 | D        | Killed a meat beast
    61 | D        | Killed a large bag of meat
    62 | D        | Noticed a tyrant
    64 | D        | Noticed a meat beast
    64 | D        | Noticed a meat beast
    65 | D        | Killed a tyrant
    65 | D        | Noticed a meat beast
    65 | D        | Noticed a meat beast
    66 | D        | Killed a large bag of meat
    66 | D        | Noticed a meat beast
    68 | D        | Noticed a destroyer
    68 | D        | Killed The Servant
    68 | D        | Killed a meat beast
    68 | D        | Killed a meat beast
    69 | D        | Killed a meat beast
    70 | D        | Noticed a dread
    71 | D        | Noticed a destroyer
    71 | D        | Killed a meat beast
    71 | D        | Killed a destroyer
    72 | D        | Killed a meat beast
    72 | D        | Noticed a destroyer
    73 | D        | Killed a destroyer
    74 | D        | Noticed a destroyer
    75 | D        | Noticed a meat beast
    75 | D        | Noticed a dread
    79 | D        | Killed a destroyer
    79 | D        | Noticed a meat beast
    79 | D        | Noticed a meat beast
    79 | D        | Noticed a destroyer
    80 | D        | Killed a tyrant
    81 | D        | Killed a meat beast
    81 | D        | Killed a tyrant
    81 | D        | Killed a meat beast
    82 | D        | Noticed a destroyer
    82 | D        | Killed a destroyer
    83 | D        | Killed a destroyer
    84 | D        | Killed a meat beast
    84 | D        | Killed a destroyer
    84 | D        | Killed an accursed
    90 | D        | Noticed a meat beast
    91 | D        | Noticed an accursed
    93 | D        | Killed an accursed
    94 | D        | Killed a meat beast
    94 | D        | Killed a dread
    94 | D        | Noticed a meat beast
    98 | D        | Killed a dread
   101 | D        | Killed a meat beast
   103 | D        | Noticed a destroyer
   104 | D        | Noticed a destroyer
   104 | D        | Noticed a destroyer
   104 | D        | Noticed The Defiler
   104 | D        | Noticed a meat beast
   105 | D        | Noticed a meat beast
   105 | D        | Noticed a tyrant
   105 | D        | Noticed a large bag of meat
   107 | D        | Noticed a meat beast
   107 | D        | Noticed a tyrant
   107 | D        | Noticed a dread
   108 | D        | Noticed a large bag of meat
   108 | D        | Noticed a large bag of meat
   109 | D        | Killed a meat beast
   110 | D        | Noticed a meat beast
   111 | D        | Killed a meat beast
   111 | D        | Noticed a destroyer
   113 | D        | Killed a destroyer
   113 | D        | Noticed a destroyer
   114 | D        | Noticed a dread
   114 | D        | Killed a meat beast
   114 | D        | Killed a destroyer
   114 | D        | Noticed an accursed
   115 | D        | Noticed a large bag of meat
   116 | D        | Noticed a destroyer
   117 | D        | Killed a tyrant
   117 | D        | Noticed a meat beast
   118 | D        | Noticed a destroyer
   118 | D        | Noticed a fleshlord
   120 | D        | Killed a tyrant
   120 | D        | Noticed a destroyer
   121 | D        | Killed a meat beast
   121 | D        | Noticed a dread
   122 | D        | Killed a large bag of meat
   122 | D        | Killed a large bag of meat
   124 | D        | Killed a large bag of meat
   124 | D        | Killed a destroyer
   124 | D        | Killed a destroyer
   125 | D        | Killed a meat beast
   126 | D        | Noticed a meat beast
   126 | D        | Annihilated by a destroyer

Levels and vault maps discovered:
D:        meatsprint

Skill      XL: |  1  2  3  4  5  6  7  8  9 10 11 12 13 14 15 16 17 18 19 20 21 22 23 |
---------------+----------------------------------------------------------------------+-----
Fighting       | 14 16 19 20 21 23 26 27 | 27.0
Axes           | 16 18 21 22 24 27 | 27.0
Armour         | 14 16 19 20 21 23 26 27 | 27.0
Dodging        | 11 13 15 17 19 21 27 | 27.0
Invocations    | 21 27 | 27.0
Throwing       | 12 20 24 27 | 27.0
Shields        | 14 23 27 | 27.0
Unarmed Combat | 13 22 26 27 | 27.0
Stealth        | 24 27 | 27.0
Spellcasting   | 14 27 | 27.0

Action                   |  1- 3 |  4- 6 |  7- 9 | 10-12 | 13-15 | 16-18 | 19-21 | 22-24 | 25-27 || total
-------------------------+-------+-------+-------+-------+-------+-------+-------+-------+-------++-------
Melee: Executioner's axe |     1 |       |       |     1 |     1 |     5 |     5 |     7 |    66 ||    86
Invok: Greater Servant o |       |       |       |       |       |       |       |       |     4 ||     4
  Use: Potion            |       |       |       |       |       |       |       |       |     1 ||     1
Armor: Scale mail        |       |       |       |       |       |       |     1 |       |    21 ||    22
Dodge: Dodged            |       |       |       |       |       |       |       |       |    19 ||    19

Table legend:
 A = Non-vault XP
 B = Vault XP
 C = Vault XP percentage of total XP
 D = Non-vault monster count
 E = Vault monster count
 F = Vault count percentage of total count
                 A         B        C        D         E       F
            +---------+---------+-------+---------+---------+-------
      Total | 5781826 | 1260937 |  17.9 |     125 |      65 |  34.2
            +---------+---------+-------+---------+---------+-------
          D | 5781826 | 1260937 |  17.9 |     125 |      65 |  34.2
            +---------+---------+-------+---------+---------+-------
